 Dungeon Sprint DCSS version 0.31-a0-981-geadf994542 (webtiles) character file.

Game seed: 10898259407426866574

229 sircluck the Ruffian (level 5, -2/59 HPs)
             Began as a Troll Berserker on Nov 1, 2023.
             Was an Elder of Trog.
             Slain by a flying skull (9 damage)
             ... in the Dungeon (Sprint VII: "The Pits").
             The game lasted 00:00:57 (205 turns).

sircluck the Ruffian (Troll Berserker)               Turns: 205, Time: 00:00:57

Health: -2/59      AC: -3    Str: 27    XL:     5   Next: 71%
Magic:  4/4        EV: 11    Int:  3    God:    Trog [****..]
Gold:   0          SH:  0    Dex:  9    Spells: 4/4 levels left

rFire   . .          .
                       - Unarmed
rCold   . . .        (no shield)
rNeg    . . .        a - +0 animal skin
rPois   .            (helmet restricted)
rElec   .            (no cloak)
rCorr   .            (gloves unavailable)
SInv    .            (boots unavailable)
Will    .....        (no amulet)
Stlth   +            (no ring)
HPRegen 1.09/turn    (no ring)
MPRegen 0.09/turn

%: no teleportation
@: corroded
A: large, unfitting armour, claws 3, regeneration 1, shaggy fur 1, tough skin 1
a: Renounce Religion, Berserk, Trog's Hand, Brothers in Arms


You were in the Dungeon.
You worshipped Trog.
Trog was greatly pleased with you.
You visited 1 branch

Inventory:

Armour
 a - a +0 animal skin (worn)
Scrolls
 g - a scroll of blinking
 i - 2 scrolls of vulnerability
 j - a scroll of summoning
Potions
 b - 6 potions of curing
 c - 6 potions of heal wounds
 d - a potion of haste
 e - 4 potions of magic
 f - 3 potions of berserk rage
 h - 2 potions of invisibility


   Skills:
 + Level 5.9 Fighting
 + Level 3.1 Armour
 + Level 5.9 Dodging
 + Level 7.1 Unarmed Combat


You had 4 spell levels left.
You didn't know any spells.
Your spell library was empty.

Dungeon Overview and Level Annotations

Branches:
Dungeon (1/1)

Altars:
Ashenzari
Cheibriados
Dithmenos
Elyvilon
Fedhas
Gozag
Hepliaklqana
Kikubaaqudgha
Makhleb
Nemelex Xobeh
Okawaru
Qazlal
Ru
Sif Muna
Trog
Uskayaw
Vehumet
Wu Jian
Xom
Yredelemnul
Zin
The Shining One
Jiyva
Lugonu


Innate Abilities, Weirdness & Mutations

You are too large for most types of armour.
You have claws for hands.
Your natural rate of healing is unusually fast.
You are covered in fur. (AC +1)
You have tough skin. (AC +1)


Message History

The jelly is severely wounded.
The jelly hits you. The acid corrodes you!
You are splashed with acid.
You scratch the jelly but do no damage.
Your claws burn!
The jelly is severely wounded.
You scratch the jelly but do no damage.
Your claws burn!
The jelly is severely wounded.
The crimson imp blinks!
The jelly misses you.
You claw the jelly!
You kill the jelly!
Trog accepts your kill. The flying skull hits you.
Your Armour skill increases to level 3!
Your Unarmed Combat skill increases to level 7!
You claw the flying skull!
The flying skull is heavily damaged.
The flying skull hits you!
You are too injured to fight recklessly!
You are too injured to fight recklessly!
You are too injured to fight recklessly!
You are too injured to fight recklessly!
You are too injured to fight recklessly!
You are too injured to fight recklessly!
You are too injured to fight recklessly!
You are too injured to fight recklessly!
You are too injured to fight recklessly!
You are too injured to fight recklessly!
Unknown command.
You barely miss the flying skull.
The flying skull is heavily damaged.
The flying skull hits you!
* * * LOW HITPOINT WARNING * * *
The crimson imp blinks!
Unknown command.
Unknown command.
You barely miss the flying skull.
The flying skull is heavily damaged.
The flying skull hits you.
* * * LOW HITPOINT WARNING * * *
The flying skull hits you!
You die...

#.###†###))##.......#
#.#.....#))##.......#
#.#..)..#..##.......#
#.####)##'###...<...#
#.#........##.......#
#.#........##.......#
#'###########.......#
#.......# #########
#..#@#..# #.##z# #
#..... #.##§## #..#.#
#..... ## ###


You could see a flying skull.

Vanquished Creatures
  An ice beast (D)
  A kobold brigand (D)
  A jelly (D)
  A gnoll (D)
  An adder (D)
  A white imp (D)
  An ufetubus (D)
  An endoplasm (D)
  A giant cockroach (D)
  A hobgoblin (D)
  2 jackals (D)
  A kobold (D)
  A rat (D)
14 creatures vanquished.

Notes
Turn   | Place    | Note
-------+----------+-------------------------------------------
     0 | D        | sircluck the Troll Berserker began the quest for the Orb.
     0 | D        | Reached XP level 1. HP: 22/22 MP: 0/0
    22 | D        | Found a bloodstained altar of Trog.
    22 | D        | Found a shimmering blue altar of Sif Muna.
    22 | D        | Found a viscous altar of Jiyva.
    22 | D        | Found a hazy altar of Hepliaklqana.
    22 | D        | Found an opulent altar of Gozag.
    23 | D        | Found a glowing golden altar of the Shining One.
    23 | D        | Found a glowing silver altar of Zin.
    23 | D        | Found a basalt altar of Yredelemnul.
    23 | D        | Found a shimmering altar of Xom.
    23 | D        | Found an ornate altar of the Wu Jian Council.
    23 | D        | Found a sacrificial altar of Ru.
    23 | D        | Found a stormy altar of Qazlal.
    23 | D        | Found an iron altar of Okawaru.
    23 | D        | Found a sparkling altar of Nemelex Xobeh.
    23 | D        | Found a burning altar of Makhleb.
    23 | D        | Found a blossoming altar of Fedhas.
    23 | D        | Found a white marble altar of Elyvilon.
    23 | D        | Found a shadowy altar of Dithmenos.
    23 | D        | Found a snail-covered altar of Cheibriados.
    25 | D        | Found a radiant altar of Vehumet.
    25 | D        | Found a corrupted altar of Lugonu.
    26 | D        | Found a hide-covered altar of Uskayaw.
    26 | D        | Found an ancient bone altar of Kikubaaqudgha.
    26 | D        | Found a broken altar of Ashenzari.
    66 | D        | Reached ** piety under Trog
    72 | D        | Reached XP level 2. HP: 30/31 MP: 1/1
    84 | D        | Noticed a kobold brigand
    89 | D        | Reached *** piety under Trog
    90 | D        | Reached skill level 4 in Unarmed Combat
   100 | D        | Killed a kobold brigand
   101 | D        | Reached skill level 5 in Unarmed Combat
   101 | D        | Reached XP level 3. HP: 28/41 MP: 2/2
   101 | D        | Reached XP level 4. HP: 34/49 MP: 3/3
   152 | D        | Noticed an ice beast
   165 | D        | Reached **** piety under Trog
   185 | D        | Killed an ice beast
   186 | D        | Reached skill level 5 in Fighting
   186 | D        | Reached skill level 5 in Dodging
   186 | D        | Reached skill level 6 in Unarmed Combat
   186 | D        | Reached XP level 5. HP: 57/59 MP: 4/4
   197 | D        | Noticed a flying skull
   203 | D        | Reached skill level 7 in Unarmed Combat
   205 | D        | Slain by a flying skull

Illustrated notes

Levels and vault maps discovered:
D:        pitsprint [storerooms_1, entrance_room_1, metal_vault_3, armoury_1,
          mini_pit_1, grid_room_1, main_hall_1, silver_pit, the_coven_2,
          the_vestibule_1, steel_vault_1, golden_pit, hallway_of_sentries,
          crystal_vault_4, iron_vault_5, final_vault]

Skill      XL: |  1  2  3  4  5 |
---------------+----------------+-----
Fighting       | 3 4 5 |  5.9
Dodging        | 3 4 5 |  5.9
Unarmed Combat | 5 6 7 |  7.1
Armour         | 2 3 |  3.1

Action                     |  1- 3 |  4- 6 || total
---------------------------+-------+-------++-------
  Melee: Unarmed           |    27 |    17 ||    44
 Armour: Animal skin       |    20 |    12 ||    32
  Dodge: Dodged            |    11 |     5 ||    16

Table legend: (Time is in decaauts)
 A = Elapsed time spent in this place.
 B = Non-inter-level travel time spent in this place.
 C = Inter-level travel time spent in this place.
 D = Time resting spent in this place.
 E = Time spent auto-exploring this place.
 F = Levels seen in this place.
 G = Mean time per level.
                   A        B        C        D        E       F      G
               +--------+--------+--------+--------+--------+-----+--------+
         Total |    201 |    201 |      0 |      0 |     61 |   1 |  201.0 |
       Dungeon |    201 |    201 |      0 |      0 |     61 |   1 |  201.0 |
               +--------+--------+--------+--------+--------+-----+--------+

Top non-repeatable levels by time:
       D: 201 daAuts
